 Dungeon Crawl Stone Soup version 0.28-a0-1002-gf00fe891ef (webtiles) character file.

Game seed: 18041575228327615422

2125 kae the Cleaver (level 9, -7/121 HPs)
             Began as a Hill Orc Fighter on Dec 3, 2021.
             Was an Initiate of Qazlal.
             Mangled by Harold (20 damage)
             ... on level 7 of the Dungeon on Dec 7, 2021.
             The game lasted 00:05:54 (7447 turns).

kae the Cleaver (Hill Orc Fighter)                  Turns: 7447, Time: 00:05:55

Health: -7/121     AC: 24    Str: 23    XL:     9   Next: 29%
Magic:  9/9        EV:  2    Int:  8    God:    Qazlal [......]
Gold:   337        SH: 10    Dex: 10    Spells: 8/8 levels left

rFire   + . .      SeeInvis .   a - +1 war axe
rCold   . . .      Faith    .   c - +0 buckler
rNeg    . . .      Spirit   .   (armour currently unavailable)
rPois   +          Reflect  +   (helmet currently unavailable)
rElec   .          Harm     .   (cloak currently unavailable)
rCorr   .          Rampage  .   (gloves currently unavailable)
Will    .....      NoTele   +   (boots currently unavailable)
Stlth   +.........              f - amulet of reflection
HPRegen 0.30/turn               n - ring of protection from fire
MPRegen 0.11/turn               (no ring)

@: tree-form, marked
A: stationary, stasis, torment immunity, boosted hp
a: Renounce Religion


You were on level 7 of the Dungeon.
You worshipped Qazlal.
Qazlal was noncommittal.
You were a tree.
You visited 2 branches of the dungeon, and saw 8 of its levels.

You collected 337 gold pieces.

Inventory:

Hand Weapons
 a - a +1 war axe (weapon)
Armour
 b - a +0 scale mail (melded)
 c - a +0 buckler (worn)
 h - a +1 helmet (melded)
Jewellery
 f - an amulet of reflection (around neck)
 n - a ring of protection from fire (left branch)
Wands
 o - a wand of flame (9)
Scrolls
 g - a scroll of enchant weapon
 q - a scroll of identify
Potions
 d - 2 potions of might
 e - 2 potions of attraction
 i - a potion of lignification
 j - 2 potions of mutation
 k - a potion of curing
 l - 2 potions of brilliance
 m - a potion of flight


   Skills:
 + Level 8.1 Fighting
 * Level 8.4 Axes
 - Level 7.2 Armour
 - Level 7.2 Shields
 + Level 1.1 Invocations


You had 8 spell levels left.
You didn't know any spells.
Your spell library contained the following spells:

 Spells                   Type           Power      Damage    Failure   Level
 Slow                     Hex            0%         N/A       41%         1
 Summon Small Mammal      Summ           0%         N/A       41%         1
 Call Canine Familiar     Summ           0%         N/A       78%         3
 Confusing Touch          Hex            0%         N/A       78%         3
 Summon Guardian Golem    Hex/Summ       0%         N/A       78%         3
 Vampiric Draining        Necr           0%         2d6       78%         3
 Animate Dead             Necr           0%         N/A       99%         4
 Haunt                    Necr/Summ      0%         N/A       100%        7
 Infestation              Necr           0%         N/A       100%        8


Dungeon Overview and Level Annotations

Branches:
Dungeon (7/15)             Temple (1/1) D:7

Altars:
Ashenzari
Cheibriados
Dithmenos
Elyvilon
Fedhas
Gozag
Hepliaklqana
Kikubaaqudgha
Makhleb
Nemelex Xobeh
Okawaru
Qazlal
Ru
Sif Muna
Trog
Uskayaw
Vehumet
Wu Jian
Xom
Yredelemnul
Zin
The Shining One

Annotations:
D:6 2 transporters
D:7 Harold


Message History

* * * LOW HITPOINT WARNING * * *
x2 You barely miss Harold.
Harold is severely wounded.
You block Harold's attack.
Really quaff the potion of lignification?
You turn into a tree.
Your +1 helmet melds into your body.
Your +0 scale mail melds into your body.
Your roots penetrate the ground.
You block Harold's attack.
You barely miss Harold.
Harold is severely wounded.
Harold gestures at you while chanting. The mark upon you grows brighter.
You hit Harold.
Harold is severely wounded.
Harold casts a spell at you. The mark upon you grows brighter.
You slash Harold!
Harold is almost dead.
You block Harold's attack.
You barely miss Harold.
Harold is almost dead.
Harold points at you and mumbles some strange words.
The mark upon you grows brighter.
You hit Harold but do no damage.
Harold is severely wounded.
You block Harold's attack.
You hit Harold but do no damage.
Harold is severely wounded.
You block Harold's attack.
You barely miss Harold.
Harold is severely wounded.
Harold hits you but does no damage. You block Harold's attack.
You slash Harold!
Harold is almost dead.
Harold hits you with a +2 vorpal halberd!
* * * LOW HITPOINT WARNING * * *
x2 You hit Harold.
Harold is almost dead.
Harold hits you with a +2 vorpal halberd!!
You die...

...# #. ...#. ....#
....# <....# .....
.....##+#..#
####+#####.........#.
#........#...........
#..@♣....#...........
#......>.#...........
#........'..........#
#........#..........#
##.......#..........#
#.......###'##......
..........#...#......
..........#...'......
..........#...#......


You could see Harold.

Vanquished Creatures
  Grinder (D:4)
  3 water moccasins
  2 sky beasts (D:6)
  A black bear (D:7)
  An ice beast (D:5)
  2 necrophages
  An ogre (D:6)
  A phantom (D:6)
  A kobold brigand (D:7)
  A bullfrog (D:6)
  A scorpion (D:6)
  2 water moccasin skeletons
  An electric eel (D:6)
  A bullfrog zombie (D:5)
  6 hounds
  A jelly (D:7)
  An orc priest (D:5)
  A centaur skeleton (D:7)
  3 iguanas
  An orc wizard (D:3)
  2 hound skeletons (D:4)
  6 adders
  An ufetubus (D:5)
  2 dart slugs
  21 orcs
  4 bats
  8 endoplasms
  7 giant cockroaches
  9 goblins
  8 hobgoblins
  2 jackals (D:1)
  4 quokkas
  5 ball pythons
  2 frilled lizards (D:1)
  17 kobolds
  3 rats
133 creatures vanquished.

Vanquished Creatures (others)
  27 fungi
  A plant (D:2)
28 creatures vanquished.

Grand Total: 161 creatures vanquished

Notes
Turn   | Place    | Note
-------+----------+-------------------------------------------
     0 | D:1      | kae the Hill Orc Fighter began the quest for the Orb.
     0 | D:1      | Reached XP level 1. HP: 19/19 MP: 1/1
   395 | D:1      | Upgraded the game from 0.28-a0-984-g3775c662fe to
                  | 0.28-a0-1002-gf00fe891ef
   537 | D:1      | Reached XP level 2. HP: 20/27 MP: 2/2
  1195 | D:2      | Reached XP level 3. HP: 25/33 MP: 3/3
  1852 | D:3      | Reached XP level 4. HP: 25/40 MP: 4/4
  2170 | D:3      | HP: 1/41 [orc (8)]
  2172 | D:3      | Reached XP level 5. HP: 1/47 MP: 5/5
  3330 | D:4      | Noticed Grinder
  3333 | D:4      | Paralysed by Grinder for 7 turns
  3351 | D:4      | Paralysed by Grinder for 6 turns
  3360 | D:4      | Killed Grinder
  3361 | D:4      | Reached skill level 5 in Fighting
  3361 | D:4      | Reached skill level 5 in Axes
  3361 | D:4      | Reached skill level 5 in Armour
  3361 | D:4      | Reached XP level 6. HP: 13/56 MP: 6/6
  3616 | D:4      | Reached skill level 5 in Shields
  3643 | D:4      | Reached XP level 7. HP: 61/61 MP: 7/7
  4270 | D:5      | Entered Level 5 of the Dungeon
  4896 | D:5      | Reached XP level 8. HP: 61/71 MP: 8/8
  5248 | D:5      | Found a radiant altar of Vehumet.
  5302 | D:6      | Found a transporter.
  5314 | D:6      | Noticed a kobold demonologist
  5331 | D:6      | Found a transporter.
  5341 | D:6      | Noticed a kobold demonologist
  6544 | D:6      | Reached XP level 9. HP: 67/79 MP: 9/9
  7062 | D:7      | Found a staircase to the Ecumenical Temple.
  7115 | Temple   | Entered the Ecumenical Temple
  7217 | Temple   | Became a worshipper of Qazlal Stormbringer
  7282 | D:7      | Reached skill level 1 in Invocations
  7423 | D:7      | Noticed Harold
  7447 | D:7      | Mangled by Harold

Illustrated notes

Levels and vault maps discovered:
D:1:      lemuel_arrival_room, layout_basic
D:2:      layout_rooms, grunt_ministairs_9, serial_bayou_pond_a,
          minmay_box_of_dots
D:3:      layout_loops_ring, minivault_23, wad_floor_pattern_2,
          minmay_misc_feat_diagonals, guppyfry_early_orc_mine
D:4:      layout_loops_ring, uniq_grinder
D:5:      layout_basic, mainiacjoe_overflow_chevrons
D:6:      gammafunk_wand_slinger, layout_rooms, serial_aquarium,
          aquarium_bridge_straight [aquarium_subvault_bridge,
          aquarium_subvault_wall, aquarium_subvault_bridge,
          aquarium_subvault_balcony], aquarium_bridge_square
          [aquarium_subvault_balcony, aquarium_subvault_bridge,
          aquarium_subvault_wall, aquarium_subvault_wall], aquarium_window_2,
          aquarium_window_1, aquarium_window_2, aquarium_view_2a,
          aquarium_view_2d, aquarium_balcony_3b, nicolae_lava_and_water
D:7:      layout_gridville, minmay_temple_entry_mini_moons, uniq_harold,
          uniq_pikel
Temple:   compressed_dpeg_circular_temple

Skill      XL: |  1  2  3  4  5  6  7  8  9 |
---------------+----------------------------+-----
Axes           | 3 4 5 6 7 8 |  8.4
Fighting       | 4 5 6 7 8 |  8.1
Armour         | 4 5 6 7 |  7.2
Shields        | 4 5 6 7 |  7.2
Invocations    | 1 |  1.1

Action                   |  1- 3 |  4- 6 |  7- 9 || total
-------------------------+-------+-------+-------++-------
Melee: War axe           |   100 |   112 |   221 ||   433
  Use: Scroll            |     5 |     1 |     6 ||    12
       Potion            |       |     2 |     1 ||     3
Armor: Scale mail        |    71 |    53 |    81 ||   205
       Skin              |       |       |     1 ||     1
Dodge: Dodged            |    51 |    57 |    93 ||   201
Block: Buckler           |    28 |    32 |    73 ||   133
       Reflection        |       |       |     1 ||     1

Table legend: (Time is in decaauts)
 A = Elapsed time spent in this place.
 B = Non-inter-level travel time spent in this place.
 C = Inter-level travel time spent in this place.
 D = Time resting spent in this place.
 E = Time spent auto-exploring this place.
 F = Levels seen in this place.
 G = Mean time per level.
                   A        B        C        D        E       F      G
               +--------+--------+--------+--------+--------+-----+--------+
         Total |   7551 |   7050 |    501 |    291 |   5730 |   8 |  943.9 |
       Dungeon |   7419 |   6956 |    463 |    291 |   5655 |   7 | 1059.9 |
        Temple |    131 |     94 |     37 |      0 |     75 |   1 |  131.0 |
               +--------+--------+--------+--------+--------+-----+--------+

Top non-repeatable levels by time:
     D:6: 1710 daAuts
     D:3: 1295 daAuts
     D:1: 1175 daAuts
     D:4: 1088 daAuts
     D:5: 1026 daAuts
     D:2: 788 daAuts
     D:7: 335 daAuts
  Temple: 131 daAuts
